 Dungeon Crawl Stone Soup version 0.30-a0-715-gdb4ae3ece1 (webtiles) character file.

Game seed: 9195076572257097654

16 browni3141 the Sneak (level 2, 0/25 HPs)
             Began as a Naga Hedge Wizard on Jan 24, 2023.
             Slain by a jackal (3 damage)
             ... on level 1 of the Dungeon.
             The game lasted 00:02:08 (484 turns).

browni3141 the Sneak (Naga Hedge Wizard)             Turns: 484, Time: 00:02:08

Health: 0/25       AC:  1    Str: 12    XL:     2   Next: 58%
Magic:  0/6        EV:  9    Int: 14    God:
Gold:   21         SH:  0    Dex: 10    Spells: 5/7 levels left

rFire   . . .      SeeInvis +    a - +0 dagger
rCold   . . .      Faith    .    (no shield)
rNeg    . . .      Spirit   .    b - +0 robe
rPois   +          Reflect  .    c - +0 hat
rElec   .          Harm     .    (no cloak)
rCorr   .          Rampage  .    (no gloves)
Will    .....                    (no barding)
Stlth   ++                       (no amulet)
HPRegen 0.24/turn                (no ring)
MPRegen 0.10/turn                (no ring)

@: very slow
A: AC +0, large, see invisible, deformed body, poison resistance, slowness 2,
spit poison 1, naga tail 1
a: Spit Poison


You were on level 1 of the Dungeon.
You visited 1 branch of the dungeon, and saw 1 of its levels.

You collected 21 gold pieces.

Inventory:

Hand Weapons
 a - a +0 dagger (weapon)
Armour
 b - a +0 robe (worn)
 c - a +0 hat (worn)
Potions
 d - a potion of attraction {unknown}
 e - a potion of haste {unknown}
 f - 2 potions of curing {unknown}


   Skills:
 - Level 1.0 Fighting
 - Level 1.5 Dodging
 - Level 3.0 Stealth
 - Level 3.0 Spellcasting
 * Level 2.1 Conjurations
 - Level 1.0 Summonings
 - Level 1.0 Translocations


You had 5 spell levels left.
You knew the following spells:

 Your Spells              Type           Power      Damage    Failure   Level
a - Magic Dart            Conj           32%        1d4       9%          1
b - Slow                  Hex            8%         N/A       22%         1

Your spell library contained the following spells:

 Spells                   Type           Power      Damage    Failure   Level
 Blink                    Tloc           8%         N/A       22%         2
 Call Imp                 Summ           4%         N/A       22%         2
 Cigotuvi's Dreadful Rot  Necr/Pois/Air  4%         N/A       32%         2
 Scorch                   Fire           4%         2d5       32%         2
 Mephitic Cloud           Conj/Pois/Air  4%         N/A       43%         3
 Flame Wave               Conj/Fire      5%         2d5       80%         4
 Summon Cactus Giant      Summ           2%         N/A       100%        6


Dungeon Overview and Level Annotations

Branches:
Dungeon (1/15)

Altars:


Innate Abilities, Weirdness & Mutations

Your serpentine skin is tough. (AC +0)
You have supernaturally acute eyesight. (SInv)
Armour fits poorly on your strangely shaped body.
Your system is resistant to poisons. (rPois)
You cover ground very slowly.
You can spit poison.
You have a snake-like lower body.


Message History

The jackal barely misses you. The jackal closely misses you.
You miss the jackal.
The jackal is severely wounded.
The jackal bites you.
The jackal bites you but does no damage.
You hit the jackal.
The jackal is severely wounded.
The jackal closely misses you. The jackal bites you.
The jackal barely misses you. The jackal bites you.
Aiming: Magic Dart (safe; 9% risk of failure)
Press: ? - help, Q - select action, (/) - cycle Shift-Dir - straight line, f/p - jackal
Aim: a jackal (severely wounded, 100% to hit)
The magic dart hits the jackal.
You kill the jackal!
The jackal barely misses you.
You hit the jackal but do no damage. The jackal bites you.
You hit the jackal.
The jackal is moderately wounded.
The jackal bites you. The jackal barely misses you.
You hit the jackal but do no damage.
The jackal is moderately wounded.
The jackal closely misses you.
You hit the jackal but do no damage.
The jackal is moderately wounded.
The jackal bites you.
* * * LOW HITPOINT WARNING * * *
The jackal bites you.
* * * LOW HITPOINT WARNING * * *
You barely miss the jackal.
The jackal is moderately wounded.
The jackal barely misses you.
You miss the jackal.
The jackal is moderately wounded.
The jackal barely misses you.
You hit the jackal.
The jackal is heavily wounded.
The jackal bites you.
* * * LOW HITPOINT WARNING * * *
The jackal bites you.
You die...

#.#.....# #.#.....#
###########.......# ..
..................#
#...#######.##..#.....#
#.........##..#.....#
.....##.######..#.....#
### #..## #.##.....#
##@†# #.######## ##h.#
..# .†..... $......
....... ....... ###.###
.#


You could see a jackal.

Vanquished Creatures
  An endoplasm (D:1)
  A giant cockroach (D:1)
  2 goblins (D:1)
  A hobgoblin (D:1)
  6 jackals (D:1)
  A quokka (D:1)
12 creatures vanquished.

Notes
Turn   | Place    | Note
-------+----------+-------------------------------------------
     0 | D:1      | browni3141 the Naga Hedge Wizard began the quest for the
                  | Orb.
     0 | D:1      | Reached XP level 1. HP: 15/15 MP: 4/4
     2 | D:1      | Learned a level 1 spell: Slow
   119 | D:1      | Reached XP level 2. HP: 5/22 MP: 3/6
   119 | D:1      | HP: 1/22 [frozen (4)]
   460 | D:1      | Reached skill level 1 in Fighting
   484 | D:1      | Slain by a jackal

Illustrated notes

Levels and vault maps discovered:
D:1:      nzn_arrival_depleted_hourglass, layout_rooms, serial_shops,
          nicolae_shop_waterfront, serial_curves, eino_curves_04,
          eino_curves_03, eino_curves_01, nicolae_ecumenical_lake_church

Skill      XL: |  1  2 |
---------------+-------+-----
Conjurations   | 2 |  2.1
Fighting       | 1 |  1.0
Dodging        | |  1.5
Stealth        | |  3.0
Spellcasting   | |  3.0
Summonings     | |  1.0
Translocations | |  1.0

Action                     || total
---------------------------++-------
  Melee: Dagger            ||    35
   Cast: Magic Dart        ||    30
         Slow              ||     2
    Use: Potion            ||     1
 Armour: Robe              ||     7
  Dodge: Dodged            ||    32

Table legend: (Time is in decaauts)
 A = Elapsed time spent in this place.
 B = Non-inter-level travel time spent in this place.
 C = Inter-level travel time spent in this place.
 D = Time resting spent in this place.
 E = Time spent auto-exploring this place.
 F = Levels seen in this place.
 G = Mean time per level.
                   A        B        C        D        E       F      G
               +--------+--------+--------+--------+--------+-----+--------+
         Total |    550 |    550 |      0 |    123 |    323 |   1 |  550.0 |
       Dungeon |    550 |    550 |      0 |    123 |    323 |   1 |  550.0 |
               +--------+--------+--------+--------+--------+-----+--------+

Top non-repeatable levels by time:
     D:1: 550 daAuts
